 Dungeon Crawl Stone Soup version 0.23-a0-643-g9ccc95a (webtiles) character file.

100 Amnesiac the Ducker (level 4, -2/23 HPs)
             Began as a Spriggan Berserker on Jan 1, 2019.
             Was a Believer of Trog.
             Slain by an orc
             ... wielding a +0 hand axe
              (4 damage)
             ... on level 3 of the Dungeon.
             The game lasted 00:03:56 (1269 turns).

Amnesiac the Ducker (Spriggan Berserker)            Turns: 1269, Time: 00:03:56

Health: -2/23      AC:  2    Str: 14    XL:     4   Next: 47%
Magic:  5/5        EV: 20    Int:  8    God:    Trog [**....]
Gold:   81         SH:  0    Dex: 15    Spells: 3/3 levels left

rFire    . . .     SeeInvis +   a - +0 falchion
rCold    . . .     Gourm    .   (shield restricted)
rNeg     . . .     Faith    .   b - +0 animal skin
rPois    .         Spirit   .   (helmet restricted)
rElec    .         Reflect  .   (no cloak)
rCorr    .         Harm     .   (gloves unavailable)
MR       .....                  (boots unavailable)
Stlth    +.........             (no amulet)
HPRegen  0.07/turn              (no ring)
MPRegen  0.09/turn              (no ring)

@: lethally poisoned (-2 -> -15), very quick
A: very small, unfitting armour, see invisible, herbivore, speed 3, slow
metabolism 2
a: Berserk, Trog's Hand, Renounce Religion


You were on level 3 of the Dungeon.
You worshipped Trog.
Trog was pleased with you.
You were not hungry.

You visited 1 branch of the dungeon, and saw 3 of its levels.

You collected 81 gold pieces.

Inventory:

Hand Weapons
 a - a +0 falchion (weapon)
Armour
 b - a +0 animal skin (worn)
Jewellery
 i - an uncursed ring of protection from fire {unknown}
 l - a cursed -3 ring of evasion {unknown}
Wands
 r - a wand of iceblast (7)
Scrolls
 e - a scroll of teleportation {!r, unknown}
 f - a scroll of identify {!r, unknown}
 g - a scroll of remove curse {!r, unknown}
 h - a scroll of enchant armour {!r, unknown}
 j - a scroll of enchant weapon {!r, unknown}
 n - a scroll of fog {!r, unknown}
 p - a scroll of amnesia {!r, unknown}
 q - a scroll of noise {!r, unknown}
Potions
 d - a potion of haste {!q, unknown}
 k - 2 potions of heal wounds {!q}
 m - a potion of brilliance {!q, unknown}
 o - a potion of flight {!q, unknown}
Comestibles
 c - 3 rations


   Skills:
 - Level 2.4 Fighting
 * Level 4.3 Long Blades
 - Level 4.6 Dodging


You had 3 spell levels left.
You didn't know any spells.
Your spell library was empty.

Dungeon Overview and Level Annotations

Branches:
Dungeon (3/15)

Altars:
Ashenzari
Nemelex Xobeh
Uskayaw
Vehumet

Annotations:
D:2 Robin


Innate Abilities, Weirdness & Mutations

You are very small and have problems with some larger weapons.
You are too small for most types of armour.
You have supernaturally acute eyesight. (SInv)
You are a herbivore.
You cover ground extremely quickly.
You need to consume almost no food.


Message History

The giant cockroach is severely wounded.
You hit the giant cockroach but do no damage.
The giant cockroach is severely wounded.
The giant cockroach barely misses you.
You riposte.
You hit the giant cockroach.
You kill the giant cockroach!
Trog accepts your kill.
No target in view!
You now have 81 gold pieces (gained 11).
Found a stone staircase leading down.
r - a wand of iceblast (7)
A quokka comes into view.
A quokka is nearby!
A quokka is nearby!
A frilled lizard and a hobgoblin come into view.
You miss the quokka.
The hobgoblin shouts!
You hear a shout! x2
The quokka bites you.
You slash the quokka!
You kill the quokka!
Trog accepts your kill.
An orc comes into view. It is wielding a +0 hand axe.
An orc comes into view. It is wielding a +0 short sword.
The orc shouts!
You slash the hobgoblin!
You kill the hobgoblin!
Trog accepts your kill.
An orc comes into view. It is wielding a +2 flail of venom.
An orc comes into view.
The orc shouts!
The frilled lizard misses you.
You riposte.
You hit the frilled lizard.
You kill the frilled lizard!
Trog accepts your kill.
Things that are here:
a +0 club; a hobgoblin corpse The orc hits you with a +0 hand axe.
You closely miss the orc.
The orc throws a tomahawk.
The tomahawk hits you. The orc hits you with a +0 hand axe.
You completely miss the orc. You barely miss the orc.
Things that are here:
a +0 club; a hobgoblin corpse You closely miss the orc.
The orc hits you with a +0 short sword.
* * * LOW HITPOINT WARNING * * *
You hit the orc.
The orc is severely wounded.
The orc completely misses you.
You hit the orc.
The orc is severely wounded.
The orc misses you.
You riposte.
You hit the orc.
You kill the orc!
Trog accepts your kill.
The orc throws a tomahawk.
The tomahawk hits you but does no damage.
The orc misses you.
Things that are here:
a tomahawk; a +0 short sword You hit the orc.
The orc is heavily wounded.
The orc hits you with a +2 flail of venom!
* * * LOW HITPOINT WARNING * * *
You are lethally poisoned!
The orc hits you with a +0 hand axe.
You die...

.# # ##+# .# # #...# .#
# .....# ###.# # ......#
##.#.# #
.......####....#########
.......+................
.....oo####...##########
......o@)...............
.....#######.###########
#.. #.# # #.# # #.# #
#.# # #.# # # #


You could see 3 orcs.

Vanquished Creatures
  6 adders
  A worm (D:3)
  2 dart slugs (D:1)
  A leopard gecko (D:1)
  An orc (D:3)
  3 giant cockroaches
  2 goblins (D:2)
  6 hobgoblins
  A quokka (D:3)
  A ball python (D:1)
  7 bats
  5 frilled lizards
  2 kobolds
  4 rats
42 creatures vanquished.

Notes
Turn   | Place    | Note
-------+----------+-------------------------------------------
     0 | D:1      | Amnesiac the Spriggan Berserker began the quest for the
                  | Orb.
     0 | D:1      | Reached XP level 1. HP: 11/11 MP: 2/2
   128 | D:1      | Reached XP level 2. HP: 14/16 MP: 3/3
   567 | D:2      | Reached XP level 3. HP: 14/19 MP: 4/4
   632 | D:2      | Found a hide-covered altar of Uskayaw.
   634 | D:2      | Reached ** piety under Trog
   721 | D:2      | Found a radiant altar of Vehumet.
   765 | D:2      | Reached XP level 4. HP: 22/23 MP: 5/5
   774 | D:2      | Noticed Robin
  1069 | D:3      | Found a shattered altar of Ashenzari.
  1141 | D:3      | Found a sparkling altar of Nemelex Xobeh.
  1269 | D:3      | Slain by an orc

Vault maps used:
D:1:      dpeg_arrival_lava_temple_mockup
D:2:      marbit_many_paths, lemuel_crystal_altar, uniq_robin
D:3:      cheibrodos_ashenzari_chains, nemelex_xobeh_ov_fountains_minmay

Skill      XL: |  1  2  3 |
---------------+----------+-----
Long Blades    | 3 4 |  4.3
Fighting       | |  2.4
Dodging        | |  4.6

Action                   |  1- 3 |  4- 6 || total
-------------------------+-------+-------++-------
Melee: Falchion          |    78 |    49 ||   127
Invok: Berserk           |     1 |       ||     1
  Use: Potion            |       |     1 ||     1
Armor: Animal skin       |     5 |     6 ||    11
Dodge: Dodged            |    92 |    35 ||   127
       Rpst.: Falchion   |    33 |    21 ||    54

Table legend:
 A = Non-vault XP
 B = Vault XP
 C = Vault XP percentage of total XP
 D = Non-vault monster count
 E = Vault monster count
 F = Vault count percentage of total count
                 A         B        C        D         E       F
            +---------+---------+-------+---------+---------+-------
      Total |     140 |       4 |   2.8 |      40 |       2 |   4.8
            +---------+---------+-------+---------+---------+-------
        D:1 |      32 |       0 |   0.0 |      17 |       0 |   0.0
        D:2 |      64 |       4 |   5.9 |      12 |       2 |  14.3
        D:3 |      44 |       0 |   0.0 |      11 |       0 |   0.0
            +---------+---------+-------+---------+---------+-------
